cohdb
Replays
Latest Replays
All Replays
Popular Replays
Top Player Replays
Match Explorer
How It Works
Community
CoH3 Stats
Reddit
Sign in to upload your games and track your stats! →
Sign in with Steam
Match 43937974
Unlisted
Match 43937974
Overview
Messages
Build Orders
End
Panzergrenadier Squad
Selects Panzerjäger Kommand Battlegroup
Selects Mine Fields
Panzergrenadier Squad
Panzergrenadier Squad
Panzergrenadier Squad
Construct Light Support Kompanie
Fire Support Elements
Selects Defensive Positions
Veteran Squad Leaders
Flakvierling Half-track
Vehicle Survival Package
Selects Tank Busters
Tungsten Core Ammunition
Selects Butterfly Bomb Drop
Butterfly Bomb Drop
Panzergrenadier Squad
Construct Panzerarmee Kommand
Selects Crew Shock Tactics
Walking Stuka Rocket Launcher
Butterfly Bomb Drop
Flak 36 Anti-tank Gun Team
Flak 36 Anti-tank Gun Team
Butterfly Bomb Drop
King Raptor
Slick
RhumsteaK
SHELDONATOR
Chapo
foxus
grippster3
Mr.JackYeo
0
0
Comments
sign in to comment!
No comments posted yet!